cohdb
Replays
Latest Replays
All Replays
Popular Replays
Top Player Replays
Match Explorer
How It Works
Community
CoH3 Stats
Reddit
Sign in to upload your games and track your stats! →
Sign in with Steam
Match 41526747
Unlisted
Match 41526747
Overview
Messages
Build Orders
End
Kradschützen Motorcycle Team
Panzergrenadier Squad
Panzergrenadier Squad
Panzergrenadier Squad
Construct Light Support Kompanie
Fire Support Elements
Flakvierling Half-track
Panzerjäger Mechanized Group
Selects Battlefield Espionage Battlegroup
Selects Intel Disruption Beacon
Selects Transfer Depots
MG34 Team
Selects 250/3 Funkpanzerwagen
Panzergrenadier Squad
Selects Anti-Tank Incendiary Munitions
Pak 38 Anti-tank Gun Team
Construct Panzerarmee Kommand
Walking Stuka Rocket Launcher
Panzer III L Medium Tank
Selects Transfer Depots
Selects Firestorm
2.5-tonne Medical Truck
Firestorm
Panzer III L Medium Tank
Tungsten Core Ammunition
MZMZ
jerjawe
TheSlothInChargeOfEconomy
Axelwine
0
0
Comments
sign in to comment!
No comments posted yet!